 Dungeon Crawl Stone Soup version 0.23-a0-143-g1adec7b (webtiles) character file.

287 galech the Chopper (level 6, -1/50 HPs)
             Began as a Demonspawn Monk on Sept 3, 2018.
             Slain by an ice beast (7 damage)
             ... on level 3 of the Dungeon.
             The game lasted 00:05:30 (3465 turns).

galech the Chopper (Demonspawn Monk)                Turns: 3465, Time: 00:05:31

Health: -1/50      AC:  8    Str: 11    XL:     6   Next: 8%
Magic:  6/6        EV: 13    Int: 12    God:
Gold:   104        SH:  0    Dex: 17    Spells: 5/5 levels left

rFire    + . .     SeeInvis .   a - +0 hand axe
rCold    x . .     Gourm    .   (no shield)
rNeg     . . .     Faith    .   q - +0 acid dragon scales
rPois    .         Spirit   .   (helmet restricted)
rElec    .         Reflect  .   (no cloak)
rCorr    +         Harm     .   (no gloves)
MR       .....                  (no boots)
Stlth    ++........             (no amulet)
HPRegen  0.16/turn              k - ring of fire
MPRegen  0.10/turn              p - ring of resist corrosion

@: no status effects
A: antennae 1, rugged brown scales 2, rot immunity
a: no special abilities


You were on level 3 of the Dungeon.
You were not hungry.

You visited 1 branch of the dungeon, and saw 4 of its levels.

You collected 104 gold pieces.

Inventory:

Hand Weapons
 a - a +0 hand axe (weapon)
Armour
 b - a +0 ring mail
 q - +0 acid dragon scales (worn)
Jewellery
 k - a ring of fire (left hand)
 p - a ring of resist corrosion (right hand)
Wands
 s - a wand of flame (21)
 t - a wand of paralysis (11)
Scrolls
 f - a scroll of fear {unknown}
 g - 2 scrolls of identify {unknown}
 h - a scroll of immolation {unknown}
 i - 3 scrolls of enchant armour {unknown}
 m - a scroll of blinking {unknown}
 n - 3 scrolls of teleportation {unknown}
Potions
 d - 3 potions of haste {unknown}
 e - a potion of curing {unknown}
 j - a potion of invisibility {unknown}
 l - a potion of heal wounds {unknown}
 o - a potion of degeneration {unknown}
Comestibles
 c - 12 rations


   Skills:
 + Level 3.8 Fighting
 + Level 4.5 Axes
 + Level 1.8 Armour
 + Level 3.5 Dodging
 + Level 2.4 Stealth


You had 5 spell levels left.
You didn't know any spells.
Your spell library was empty.

Dungeon Overview and Level Annotations

Branches:
Dungeon (4/15)             Temple (0/1) D:4

Altars:
Ashenzari
Okawaru
Qazlal

Annotations:
D:4 Sigmund


Innate Abilities, Weirdness & Mutations

You have a pair of small antennae on your head.
You are mostly covered in rugged brown scales. (AC +2, +5% HP)
You are immune to rotting.


Message History

You are too injured to fight recklessly!
You are too injured to fight recklessly!
You hit the ice beast.
The ice beast is severely wounded.
The ice beast hits you but does no damage. x2
You hit the ice beast but do no damage.
The ice beast is severely wounded.
The ice beast hits you but does no damage.
You hit the ice beast.
The ice beast is almost dead.
The ice beast misses you.
You hit the ice beast but do no damage.
The ice beast is almost dead.
The ice beast barely misses you.
You closely miss the ice beast.
The ice beast is almost dead.
The ice beast hits you.
* * * LOW HITPOINT WARNING * * *
The ice beast freezes you!
You feel a terrible chill!
You die...

###########
#.........#
###########.........#
..........+.....@...#
#########.#......Y..#
#.#.#########
#.#'########
#########..........#
#..................#
.....####..........#
.....# #..........#
.....# #..........#


You could see an ice beast.

Vanquished Creatures
  Menkaure (D:3)
  A howler monkey (D:3)
  A hound (D:4)
  2 adders
  A gnoll (D:1)
  2 oozes
  4 dart slugs
  7 leopard geckos
  4 orcs
  4 bats
  6 goblins
  5 hobgoblins
  4 jackals (D:1)
  2 ball pythons
  4 frilled lizards
  5 kobolds
  5 rats
58 creatures vanquished.

Notes
Turn   | Place    | Note
-------+----------+-------------------------------------------
     0 | D:1      | galech the Demonspawn Monk began the quest for the Orb.
     0 | D:1      | Reached XP level 1. HP: 18/18 MP: 1/1
    55 | D:1      | Gained mutation: You are partially covered in rugged brown
                  | scales. (AC +1, +3% HP) [demonic ancestry]
    55 | D:1      | Reached XP level 2. HP: 12/24 MP: 2/2
    63 | D:1      | Reached skill level 3 in Axes
   598 | D:1      | You fall through a shaft!
   633 | D:2      | Gained mutation: You are mostly covered in rugged brown
                  | scales. (AC +2, +5% HP) [demonic ancestry]
   633 | D:2      | Reached XP level 3. HP: 16/30 MP: 3/3
  1987 | D:3      | Gained mutation: You are immune to rotting. [demonic
                  | ancestry]
  1987 | D:3      | Reached XP level 4. HP: 32/36 MP: 4/4
  2243 | D:3      | Found a stormy altar of Qazlal.
  2494 | D:3      | Found a shattered altar of Ashenzari.
  2701 | D:4      | Noticed Menkaure
  2701 | D:4      | Noticed a centaur
  2702 | D:4      | Found a staircase to the Ecumenical Temple.
  2717 | D:3      | Killed Menkaure
  2717 | D:3      | Reached skill level 4 in Axes
  2717 | D:3      | Reached skill level 1 in Armour
  2717 | D:3      | Gained mutation: You have a pair of small antennae on your
                  | head. [demonic ancestry]
  2717 | D:3      | Reached XP level 5. HP: 6/44 MP: 5/5
  2997 | D:4      | Noticed Sigmund
  3007 | D:4      | Noticed a black bear
  3149 | D:4      | Noticed an ice beast
  3151 | D:4      | Noticed a phantom
  3154 | D:4      | Found an iron altar of Okawaru.
  3173 | D:3      | Reached XP level 6. HP: 7/50 MP: 6/6
  3465 | D:3      | Slain by an ice beast

Vault maps used:
D:1:      minmay_arrival_jagged
D:2:      kennysheep_generic_room_10
D:3:      grunt_qazlal_clouds, ashenzari_conservatory_becter, first_ration
D:4:      okawaru_gym_becter, minmay_temple_entry_statues, minmay_statues_item,
          uniq_robin, uniq_menkaure, uniq_sigmund

Skill      XL: |  1  2  3  4 |
---------------+-------------+-----
Axes           | 3 4 |  4.5
Dodging        | 3 |  3.5
Stealth        | 2 |  2.4
Armour         | 1 |  1.8
Fighting       | |  3.8

Action                   |  1- 3 |  4- 6 || total
-------------------------+-------+-------++-------
Melee: Hand axe          |   150 |   123 ||   273
 Stab: Sleeping          |     3 |     2 ||     5
  Eat: Chunk             |     3 |     5 ||     8
Armor: Robe              |    10 |       ||    10
       Leather armour    |    17 |       ||    17
       Ring mail         |     5 |     3 ||     8
       Acid dragon scale |       |    45 ||    45
Dodge: Dodged            |   118 |   103 ||   221

Table legend:
 A = Non-vault XP
 B = Vault XP
 C = Vault XP percentage of total XP
 D = Non-vault monster count
 E = Vault monster count
 F = Vault count percentage of total count
                 A         B        C        D         E       F
            +---------+---------+-------+---------+---------+-------
      Total |     251 |     159 |  38.8 |      56 |       2 |   3.4
            +---------+---------+-------+---------+---------+-------
        D:1 |      62 |       0 |   0.0 |      24 |       0 |   0.0
        D:2 |      27 |       2 |   6.9 |       8 |       1 |  11.1
        D:3 |      94 |     157 |  62.5 |      19 |       1 |   5.0
        D:4 |      68 |       0 |   0.0 |       5 |       0 |   0.0
            +---------+---------+-------+---------+---------+-------
